 Dungeon Crawl Stone Soup version 0.32-a0-411-g744942f433 (webtiles) character file.

Game seed: 15327325743595088581

6 shadowstone the Chopper (level 1, 16/16 HPs)
             Began as a Demonspawn Gladiator on Feb 20, 2024.
             Quit the game on level 1 of the Dungeon.
             The game lasted 00:00:57 (184 turns).

shadowstone the Chopper (Demonspawn Gladiator)       Turns: 184, Time: 00:00:58

Health: 16/16      AC:  4    Str: 14    XL:     1   Next: 75%
Magic:  1/1        EV: 12    Int:  8    God:
Gold:   22         SH:  0    Dex: 14    Spells: 0/0 levels left

rFire   . . .        a - +0 war axe
rCold   . . .        (no shield)
rNeg    . . .        b - +0 leather armour
rPois   .            c - +0 helmet
rElec   .            (no cloak)
rCorr   .            (no gloves)
SInv    .            (no boots)
Will    .....        (no amulet)
Stlth   +            (no ring)
HPRegen 0.22/turn    (no ring)
MPRegen 0.07/turn

%: no passive effects
@: no status effects
A: no striking features
a: no special abilities


You were on level 1 of the Dungeon.
You visited 1 branch of the dungeon, and saw 1 of its levels.

You collected 22 gold pieces.

Inventory:

Hand Weapons
 a - a +0 war axe (weapon)
Missiles
 d - 3 throwing nets (quivered)
 e - a javelin
Armour
 b - a +0 leather armour (worn)
 c - a +0 helmet (worn)
Potions
 f - a potion of enlightenment {unknown}
 g - a potion of curing {unknown}


   Skills:
 + Level 2.2 Fighting
 + Level 3.0 Axes
 + Level 1.7 Throwing
 + Level 2.6 Dodging


You couldn't memorise any spells.
You didn't know any spells.
Your spell library was empty.

Dungeon Overview and Level Annotations

Branches:
Dungeon (1/15)

Altars:


Message History

You see here a jackal corpse.
The quokka barely misses you. The quokka barely misses you.
The quokka attacks as it pursues you!
The quokka bites you but does no damage.
The quokka closely misses you. The quokka attacks as it pursues you!
The quokka bites you but does no damage.
Found a stone staircase leading down.
The quokka attacks as it pursues you! The quokka barely misses you.
The quokka bites you.
You slash the quokka!
You kill the quokka!
Your Axes skill increases to level 3!
You see here a quokka corpse.
Found 7 gold pieces.
You now have 22 gold pieces (gained 7).
Found a robe.
You see here a +0 robe.
Found a stone staircase leading down.
A rat comes into view.
The rat squeaks loudly.
A rat is nearby!
A rat is nearby!
A rat is nearby!
A rat is nearby!
Press: ? - help, v - describe, . - travel The floor.
A rat is nearby!
You don't know any spells.
You don't know any spells.
Sorry, you're not good enough to have a special ability.
Sorry, you're not good enough to have a special ability.
Sorry, you're not good enough to have a special ability.
Sorry, you're not good enough to have a special ability.
Sorry, you're not good enough to have a special ability.
Sorry, you're not good enough to have a special ability.
Sorry, you're not good enough to have a special ability.
Sorry, you're not good enough to have a special ability.
Are you sure you want to abandon this character and quit the game? (Confirm with "yes".)

#### >..##
###########
...#
#.........#
#..#
#.#######.#
#..# #.#
#.# #..#
#.# #.#
#@.#####.#
#####.#
#....[...#
#.....#
#r.#######
#.###.#
#.## #.#
#.# ....
###.###..
###..#
#........
#..#
#........
#..#
#.#.#####
#..# #.#.#


You could see a rat.

Vanquished Creatures
  2 jackals (D:1)
  A quokka (D:1)
3 creatures vanquished.

Notes
Turn   | Place    | Note
-------+----------+-------------------------------------------
     0 | D:1      | shadowstone the Demonspawn Gladiator began the quest for
                  | the Orb.
     0 | D:1      | Reached XP level 1. HP: 16/16 MP: 1/1
     7 | D:1      | Noticed a wyvern
     7 | D:1      | Noticed a brain worm
     8 | D:1      | Noticed an anaconda
     8 | D:1      | Noticed an iguana
   125 | D:1      | Reached skill level 3 in Axes
   184 | D:1      | Quit the game

Illustrated notes

Levels and vault maps discovered:
D:1:      onia_arrival_zoo_common, layout_loops_ring

Skill      XL: |  1 |
---------------+----+-----
Axes           | 3 |  3.0
Fighting       | |  2.2
Throwing       | |  1.7
Dodging        | |  2.6

Action                     || total
---------------------------++-------
  Melee: War axe           ||     9
 Armour: Leather armour    ||    12
  Dodge: Dodged            ||    24

Table legend: (Time is in decaauts)
 A = Elapsed time spent in this place.
 B = Non-inter-level travel time spent in this place.
 C = Inter-level travel time spent in this place.
 D = Time resting spent in this place.
 E = Time spent auto-exploring this place.
 F = Levels seen in this place.
 G = Mean time per level.
                   A        B        C        D        E       F      G
               +--------+--------+--------+--------+--------+-----+--------+
         Total |    187 |    187 |      0 |      0 |     73 |   1 |  187.0 |
       Dungeon |    187 |    187 |      0 |      0 |     73 |   1 |  187.0 |
               +--------+--------+--------+--------+--------+-----+--------+

Top non-repeatable levels by time:
     D:1: 187 daAuts
